 Dungeon Crawl Stone Soup version 0.30-a0-782-ge64f9170bb (webtiles) character file.

Game seed: 3430642452720828470

555 locomotivebreath the Caller (level 7, -3/39 HPs)
             Began as a Kobold Summoner on Feb 27, 2023.
             Was an Initiate of Elyvilon.
             Killed by divine providence
             ... invoked by an orc priest
              (12 damage)
             ... on level 5 of the Dungeon.
             The game lasted 01:03:58 (5815 turns).

locomotivebreath the Caller (Kobold Summoner)       Turns: 5815, Time: 01:03:58

Health: -3/39      AC:  4    Str:  8    XL:     7   Next: 55%
Magic:  5/14       EV: 15    Int: 22    God:    Elyvilon [......]
Gold:   238        SH:  0    Dex: 15    Spells: 5/16 levels left

rFire   . . .      SeeInvis .    q - +1 dagger (venom)
rCold   + . .      Faith    .    (no shield)
rNeg    . . .      Spirit   .    a - +1 robe
rPois   .          Reflect  .    (no helmet)
rElec   .          Harm     .    (no cloak)
rCorr   .          Rampage  .    (no gloves)
Will    .....                    k - +0 pair of boots
Stlth   ++++                     (no amulet)
HPRegen 0.26/turn                g - ring of protection from cold
MPRegen 0.14/turn                n - +6 ring of intelligence

@: no status effects
A: small, no large weapons, nightstalker 3, hooves 1, wild magic 1
a: Renounce Religion


You were on level 5 of the Dungeon.
You worshipped Elyvilon.
Elyvilon was noncommittal.
You visited 2 branches of the dungeon, and saw 6 of its levels.

You collected 238 gold pieces.

Inventory:

Hand Weapons
 e - a +0 short sword
 q - a +1 dagger of venom (weapon)
Missiles
 f - 28 stones
 j - 5 atropa-tipped darts
 l - 2 large rocks
 p - 6 boomerangs
Armour
 a - a +1 robe (worn)
 k - a +0 pair of boots (worn)
Magical Staves
 i - a staff of earth
Jewellery
 g - a ring of protection from cold (left hand)
 m - a ring of protection from fire
 n - a +6 ring of intelligence (right hand)
Scrolls
 d - a scroll of teleportation
 h - 4 scrolls of fog
 o - a scroll of noise
 s - a scroll of magic mapping {unknown}
 t - a scroll of amnesia {unknown}
 w - a scroll of identify
Potions
 b - 2 potions of magic
 c - 2 potions of heal wounds {unknown}
 u - a potion of resistance {unknown}
 v - a potion of brilliance {unknown}


   Skills:
 * Level 1.7 Fighting
 * Level 2.9 Short Blades
 + Level 2.5 Dodging
 * Level 3.9 Stealth
 * Level 5.2 Spellcasting
 + Level 5.6 Summonings
 * Level 1.8 Evocations


You had 5 spell levels left.
You knew the following spells:

 Your Spells              Type           Power      Damage    Failure   Level
a - Summon Small Mammal   Summ           100%       N/A       2%          1
b - Call Imp              Summ           40%        N/A       3%          2
c - Freeze                Ice            28%        1d5       14%         1
d - Call Canine Familiar  Summ           40%        N/A       5%          3
e - Passwall              Tmut/Erth      5%         N/A       22%         2
f - Ensorcelled Hibernat  Hex/Ice        14%        N/A       22%         2

Your spell library contained the following spells:

 Spells                   Type           Power      Damage    Failure   Level
 Summon Guardian Golem    Hex/Summ       23%        N/A       14%         3
 Frozen Ramparts          Ice            14%        1d3       38%         3
 Hailstorm                Conj/Ice       7%         3d4       38%         3
 Swiftness                Air            7%         N/A       38%         3
 Summon Lightning Spire   Summ/Air       23%        N/A       38%         4


Dungeon Overview and Level Annotations

Branches:
Dungeon (5/15)             Temple (1/1) D:4

Altars:
Ashenzari
Cheibriados
Dithmenos
Elyvilon
Fedhas
Gozag
Makhleb
Okawaru
Qazlal
Ru
Sif Muna
Trog
Uskayaw
Vehumet
Xom
Yredelemnul
Zin


Innate Abilities, Weirdness & Mutations

You are small and have problems with some larger weapons.
You are completely attuned to the shadows.
You have large cloven feet.
Your spells are a little harder to cast, but a little more powerful.


Message History

Casting: Summon Small Mammal (safe; 2% risk of failure)
Confirm with . or Enter, or press ? or * to list all spells.
Your bat disappears in a puff of smoke!
The orc priest mumbles some strange prayers to Beogh against you.
Beogh smites you!
* * * LOW HITPOINT WARNING * * *
The orc misses your quokka.
Your quokka misses the orc.
Your wolf barely misses the orc priest.
You feel better.
The orc priest hits your wolf but does no damage.
The orc barely misses your quokka.
Your wolf barely misses the orc priest.
Your quokka bites the orc.
Your wolf misses the orc priest.
The orc priest calls down the wrath of Beogh upon you.
Beogh smites you!
* * * LOW HITPOINT WARNING * * *
The orc barely misses your quokka.
Your quokka bites the orc.
Your wolf completely misses the orc priest.
Items here: )) ††.
The orc hits your quokka with a +0 whip.
Your quokka dies!
Your quokka's corpse disappears in a puff of smoke!
Your wolf closely misses the orc priest.
Casting: Summon Small Mammal (safe; 2% risk of failure)
Confirm with . or Enter, or press ? or * to list all spells.
Something hits your quokka. Something barely misses your quokka.
Your quokka bites the orc priest but does no damage.
Something closely misses your quokka. x2
Your quokka barely misses the orc priest.
Your quokka bites the orc priest but does no damage.
The orc priest hits your quokka with a +0 whip.
Your quokka dies!
Your quokka's corpse disappears in a puff of smoke!
Casting: Summon Small Mammal (safe; 2% risk of failure)
Confirm with . or Enter, or press ? or * to list all spells.
Your wolf barely misses the orc priest.
The orc priest invokes the aid of Beogh against you.
Beogh smites you!
You die...

#######.#
........#
##..).# ##.##.#
#..##.#
....#.#.#
#.###.#
......#.# #.#
#.# ....#or.#
#.# #.#
....#o§.####@#
#.#
#.).)##..r###.#
#.#..ohb......#
#.##.##########
#.##.# #.##.#
#.# #.#


You could see an orc priest (ally target), a friendly wolf (summoned), a
friendly bat (summoned) and a friendly rat (summoned).

Vanquished Creatures
  A dart slug (D:5)
  2 hobgoblins
  A goblin (D:3)
4 creatures vanquished.

Vanquished Creatures (collateral kills)
  An orc warrior (D:5)
  A phantom (D:5)
  2 scorpions
  An orc priest (D:5)
  Natasha (twice) (D:2)
  An iguana (D:5)
  7 gnolls
  3 worms
  3 dart slugs
  6 orcs
  3 ball pythons
  2 bats
  6 endoplasms
  A giant cockroach (D:2)
  8 goblins
  4 hobgoblins
  9 jackals
  7 kobolds
  2 quokkas
  A frilled lizard (D:1)
  6 rats
76 creatures vanquished.

Grand Total: 80 creatures vanquished

Notes
Turn   | Place    | Note
-------+----------+-------------------------------------------
     0 | D:1      | locomotivebreath the Kobold Summoner began the quest for
                  | the Orb.
     0 | D:1      | Reached XP level 1. HP: 10/10 MP: 3/3
   514 | D:1      | Reached XP level 2. HP: 15/15 MP: 1/5
   525 | D:1      | Learned a level 2 spell: Call Imp
   946 | D:1      | Gained mutation: Your system is resistant to poisons.
                  | (rPois) [potion of mutation]
   946 | D:1      | Gained mutation: You have a pair of small horns on your
                  | head. [potion of mutation]
   946 | D:1      | Gained mutation: Your flesh is cold resistant. (rC+)
                  | [potion of mutation]
  1081 | D:2      | Reached XP level 3. HP: 16/19 MP: 4/7
  1176 | D:2      | Noticed Natasha
  1188 | D:2      | Killed Natasha
  1189 | D:2      | Reached XP level 4. HP: 24/24 MP: 4/8
  1294 | D:2      | You fall into a shaft and drop 1 floor!
  1876 | D:2      | Noticed Natasha
  1883 | D:2      | Killed Natasha
  1884 | D:2      | Reached skill level 1 in Short Blades
  2022 | D:2      | Reached XP level 5. HP: 28/28 MP: 5/10
  2056 | D:2      | Learned a level 1 spell: Freeze
  2064 | D:2      | Lost mutation: You have a pair of small horns on your head.
                  | [potion of mutation]
  2064 | D:2      | Lost mutation: Your flesh is cold resistant. (rC+) [potion
                  | of mutation]
  2064 | D:2      | Lost mutation: Your system is resistant to poisons. (rPois)
                  | [potion of mutation]
  2064 | D:2      | Gained mutation: Your spells are a little harder to cast,
                  | but a little more powerful. [potion of mutation]
  2064 | D:2      | Gained mutation: You have large cloven feet. [potion of
                  | mutation]
  2274 | D:3      | Reached skill level 5 in Summonings
  2283 | D:3      | Learned a level 3 spell: Call Canine Familiar
  2625 | D:3      | Found a faded altar of an unknown god.
  3507 | D:4      | Found a hide-covered altar of Uskayaw.
  3973 | D:4      | Found a staircase to the Ecumenical Temple.
  4439 | D:4      | Reached XP level 6. HP: 33/33 MP: 5/12
  5127 | Temple   | Entered the Ecumenical Temple
  5142 | Temple   | Became a worshipper of Elyvilon the Healer
  5255 | Temple   | Learned a level 2 spell: Passwall
  5258 | Temple   | Learned a level 2 spell: Ensorcelled Hibernation
  5297 | D:5      | Entered Level 5 of the Dungeon
  5333 | D:5      | Reached skill level 1 in Fighting
  5333 | D:5      | Reached skill level 1 in Evocations
  5456 | D:5      | Reached XP level 7. HP: 38/38 MP: 8/13
  5803 | D:5      | Reached skill level 5 in Spellcasting
  5815 | D:5      | Killed from afar by an orc priest

Illustrated notes

Levels and vault maps discovered:
D:1:      dpeg_arrival_tiny_k, layout_loops_ring
D:2:      layout_rooms, uniq_natasha
D:3:      layout_basic, shapermc_ecumenical_altar_venn
D:4:      layout_basic, mainiacjoe_overflow_six_doors_small,
          minmay_temple_entry_crystal_x
D:5:      layout_basic
Temple:   nicolae_temple_superstar

Skill      XL: |  1  2  3  4  5  6  7 |
---------------+----------------------+-----
Spellcasting   | 3 4 5 |  5.2
Short Blades   | 1 2 |  2.9
Stealth        | 3 |  3.9
Summonings     | 5 |  5.6
Fighting       | 1 |  1.7
Evocations     | 1 |  1.8
Dodging        | |  2.5

Action                     |  1- 3 |  4- 6 |  7- 9 || total
---------------------------+-------+-------+-------++-------
  Melee: Short sword       |    13 |       |       ||    13
         Headbutt          |     1 |       |       ||     1
         Dagger            |       |    11 |     2 ||    13
         Punch             |       |     1 |       ||     1
   Cast: Summon Small Mamm |    55 |   136 |    20 ||   211
         Call Imp          |     5 |    31 |       ||    36
         Call Canine Famil |       |     7 |     4 ||    11
    Use: Scroll            |     2 |     5 |       ||     7
         Potion            |     2 |     3 |     1 ||     6
 Armour: Robe              |     5 |     3 |       ||     8
  Dodge: Dodged            |    13 |    16 |       ||    29

Table legend: (Time is in decaauts)
 A = Elapsed time spent in this place.
 B = Non-inter-level travel time spent in this place.
 C = Inter-level travel time spent in this place.
 D = Time resting spent in this place.
 E = Time spent auto-exploring this place.
 F = Levels seen in this place.
 G = Mean time per level.
                   A        B        C        D        E       F      G
               +--------+--------+--------+--------+--------+-----+--------+
         Total |   5811 |   4738 |   1073 |    346 |   2656 |   6 |  968.5 |
       Dungeon |   5678 |   4609 |   1069 |    346 |   2552 |   5 | 1135.6 |
        Temple |    132 |    128 |      4 |      0 |    104 |   1 |  132.0 |
               +--------+--------+--------+--------+--------+-----+--------+

Top non-repeatable levels by time:
     D:4: 1888 daAuts
     D:3: 1508 daAuts
     D:1: 963 daAuts
     D:2: 801 daAuts
     D:5: 517 daAuts
  Temple: 132 daAuts
